 Dungeon Crawl Stone Soup version 0.22-a0-21-g9421e3f (webtiles) character file.

37 4thArraOfDagon the Caller (level 3, 0/14 HPs)
             Began as a Felid Summoner on Jan 2, 2018.
             Was an Initiate of Cheibriados.
             Slain by a quokka (5 damage)
             ... on level 5 of the Dungeon.
             The game lasted 00:07:55 (1332 turns).

4thArraOfDagon the Caller (Felid Summoner)          Turns: 1332, Time: 00:07:56

Health: 0/14       AC:  1    Str:  5    XL:     3   Next: 21%
Magic:  4/7        EV: 18    Int: 20    God:    Cheibriados [......]
Gold:   57         SH:  0    Dex: 19    Spells: 0/6 levels left
                                        Lives:  0   Deaths: 0

rFire    . . .     SeeInvis +   (weapon unavailable)
rCold    + . .     Gourm    .   (shield unavailable)
rNeg     + . .     Faith    .   (armour unavailable)
rPois    .         Spirit   .   (helmet unavailable)
rElec    .         Reflect  .   (cloak unavailable)
rCorr    .         Harm     .   (gloves unavailable)
MR       .....                  (boots unavailable)
Stlth    +++.......             (no amulet)
HPRegen  0.04/turn              d - ring of positive energy
MPRegen  0.10/turn              (no ring)

@: slow
A: very small, no armour, no weapons or thrown items, stealth, claws 1, fangs 3,
see invisible, agile 1, carnivore, clever 1, cold resistance 1, speed 1, shaggy
fur 1, slow metabolism 1, sharp paws
a: Bend Time, Renounce Religion


You were on level 5 of the Dungeon.
You worshipped Cheibriados.
Cheibriados was noncommittal.
You were very full.

You visited 2 branches of the dungeon, and saw 7 of its levels.

You collected 57 gold pieces.

Inventory:

Jewellery
 d - a ring of positive energy (left paw)
Wands
 g - a wand of iceblast (3)
Scrolls
 c - a scroll of blinking
Potions
 e - a potion of curing {unknown}
Books
 a - a book of Callings

   Spells                             Type                      Level
   a - Summon Small Mammal            Summoning                    1
   b - Call Imp                       Summoning                    2
   c - Call Canine Familiar           Summoning                    3
   d - Summon Guardian Golem          Hexes/Summoning              3
   e - Summon Lightning Spire         Summoning/Air                4
   f - Summon Ice Beast               Ice/Summoning                4
Comestibles
 b - 2 rations


   Skills:
 - Level 2.6 Dodging
 - Level 2.6 Stealth
 - Level 2.0 Spellcasting
 * Level 5.1 Summonings


You couldn't memorise any spells.
You knew the following spells:

 Your Spells              Type           Power        Failure   Level  Hunger
a - Summon Small Mammal   Summ           ###.         1%          1    #......
b - Call Canine Familiar  Summ           ###.....     5%          3    ###....
c - Call Imp              Summ           ###.....     2%          2    ##.....


Dungeon Overview and Level Annotations

Branches:
Dungeon (6/15)             Temple (1/1) D:4

Altars:
Cheibriados
Elyvilon
Gozag
Kikubaaqudgha
Makhleb
Nemelex Xobeh
Qazlal
Ru
Sif Muna
Trog
Uskayaw
Vehumet
Xom
Zin
The Shining One

Annotations:
D:2 Natasha, Sigmund
D:3 Terence


Innate Abilities, Weirdness & Mutations

You cannot wear armour.
You are incapable of wielding weapons or throwing items.
Your paws allow you to move quietly. (Stealth)
You have sharp claws.
You have razor-sharp teeth.
You have supernaturally acute eyesight. (SInv)
You are carnivorous and can eat meat at any time.
You cover ground quickly.
You are covered in fur. (AC +1)
You have a slow metabolism.
Your sharp claws are effective at attacking unaware monsters.
You are agile. (Dex +2)
Your mind is acute. (Int +2)
Your flesh is cold resistant. (rC+)


Message History

The quokka bites you.
You scratch the quokka.
The quokka is heavily wounded.
The quokka misses you.
You barely miss the quokka.
The quokka is heavily wounded.
The quokka barely misses you.
You scratch the quokka but do no damage.
The quokka is heavily wounded.
The quokka closely misses you.
You barely miss the quokka.
The quokka is heavily wounded.
The quokka closely misses you. The quokka bites you.
You are too injured to fight recklessly!
You are too injured to fight recklessly!
You are too injured to fight recklessly!
Casting: Summon Small Mammal
Confirm with . or Enter, or press ? or * to list all spells.
The quokka bites you.
You die...

#......#......>#
#......#.......#
#......#.......#
#......+.......+
#......#.......#
#......#.......#
#...##'#.......#
#####.....h#+###
#...@r.#
#......#
#.........
#....._.....
#.......####
#########


You could see a quokka and a friendly hound.

Vanquished Creatures
  3 orcs (D:3)
  3 goblins
  A kobold (D:3)
  A quokka (D:3)
  2 bats (D:3)
  2 frilled lizards
  A rat (D:1)
13 creatures vanquished.

Vanquished Creatures (collateral kills)
  2 adders
  A worm (D:3)
  A dart slug (D:5)
  A leopard gecko (D:1)
  2 orcs (D:3)
  A giant cockroach (D:3)
  A goblin (D:3)
  2 bats
11 creatures vanquished.

Grand Total: 24 creatures vanquished

Notes
Turn   | Place    | Note
-------+----------+-------------------------------------------
     0 | D:1      | 4thArraOfDagon the Felid Summoner began the quest for the Orb.
     0 | D:1      | Reached XP level 1. HP: 7/7 MP: 4/4
   254 | D:2      | Noticed Sigmund
   256 | D:2      | Noticed Natasha
   330 | D:2      | Gained mutation: Your flesh is cold resistant. (rC+) [potion of mutation]
   330 | D:2      | Gained mutation: You are agile. (Dex +2) [potion of mutation]
   330 | D:2      | Gained mutation: Your mind is acute. (Int +2) [potion of mutation]
   493 | D:3      | Reached XP level 2. HP: 11/11 MP: 3/6
   806 | D:3      | Reached skill level 5 in Summonings
   834 | D:3      | Reached XP level 3. HP: 5/14 MP: 3/7
   856 | D:3      | Learned a level 3 spell: Call Canine Familiar
   937 | D:3      | Learned a level 2 spell: Call Imp
  1030 | D:3      | Noticed Terence
  1069 | D:4      | Found a staircase to the Ecumenical Temple.
  1080 | Temple   | Entered the Ecumenical Temple
  1130 | Temple   | Became a worshipper of Ru the Awakened
  1146 | D:5      | Entered Level 5 of the Dungeon
  1162 | D:5      | Found a snail-covered altar of Cheibriados.
  1178 | D:5      | Fell from the grace of Ru
  1178 | D:5      | Became a worshipper of Cheibriados the Contemplative
  1302 | D:5      | Found a burning altar of Makhleb.
  1318 | D:5      | Found a bloodstained altar of Trog.
  1332 | D:5      | Slain by a quokka

Vault maps used:
D:1:      dpeg_arrival_chambers_temple_mockup, nemelex_xobeh_ov_fountains_minmay
D:2:      lemuel_upstairs_altar, evilmike_ruin_ashenzari, amethyst_killhole,
          uniq_natasha, uniq_sigmund, uniq_crazy_yiuf_cottage
D:3:      minmay_door_path, nicolae_overflow_hidden_temple, first_ration,
          uniq_terence
D:4:      fedhas_altar_3, minmay_temple_entry_statues
D:5:      bloody_makhleb, kennysheep_slug_shrine, bloody_trog, serial_shops,
          kennysheep_mini
D:6:      nicolae_dithmenos_shadow_blocks, kennysheep_little_box, uniq_eustachio
Temple:   nicolae_temple_x_marks_the_god

Skill      XL: |  1  2 |
---------------+-------+-----
Summonings     | 5 |  5.1
Dodging        | |  2.6
Stealth        | |  2.6
Spellcasting   | |  2.0

Action                   || total
-------------------------++-------
Melee: Unarmed           ||    63
       Bite              ||     5
 Cast: Summon Small Mamm ||    29
       Call Canine Famil ||     4
  Use: Potion            ||     1
       Scroll            ||     4
 Stab: Sleeping          ||     5
       Distracted        ||     1
  Eat: Chunk             ||     8
Armor: Skin              ||     6
Dodge: Dodged            ||    53

Table legend:
 A = Spawn XP
 B = Non-spawn XP
 C = Spawn XP percentage of total XP
 D = Spawn monster count
 E = Non-spawn monster count
 F = Spawn count percentage of total count
 G = Total turns spent on level
                    A         B        C        D         E        F      G
               +---------+---------+-------+---------+---------+-------+---------
         Total |       0 |      53 |   0.0 |       0 |      24 |   0.0 |  1332
               +---------+---------+-------+---------+---------+-------+---------
           D:1 |       0 |       9 |   0.0 |       0 |       5 |   0.0 |   275
           D:2 |       0 |       2 |   0.0 |       0 |       2 |   0.0 |    72
           D:3 |       0 |      33 |   0.0 |       0 |      15 |   0.0 |   720
           D:5 |       0 |       9 |   0.0 |       0 |       2 |   0.0 |   182
               +---------+---------+-------+---------+---------+-------+---------
